 Dungeon Crawl Stone Soup version 0.27-a0-1187-ge80a49f48c (webtiles) character file.

Game seed: 6662063998727925047

63 DasRunzen the Poker (level 3, -2/30 HPs)
             Began as a Demigod Gladiator on May 20, 2021.
             Slain by a kobold
             ... wielding a +0 whip
              (5 damage)
             ... on level 3 of the Dungeon.
             The game lasted 00:03:38 (1944 turns).

DasRunzen the Poker (Demigod Gladiator)             Turns: 1944, Time: 00:03:40

Health: -2/30      AC:  4    Str: 15    XL:     3   Next: 63%
Magic:  5/5        EV:  9    Int: 14    God:
Gold:   78         SH:  7    Dex: 15    Spells: 2/2 levels left

rFire    . . .     SeeInvis .   a - +1 trident
rCold    . . .     Faith    .   i - +0 kite shield
rNeg     . . .     Spirit   .   b - +0 leather armour
rPois    .         Reflect  .   c - +0 helmet
rElec    .         Harm     .   (no cloak)
rCorr    .         Rampage  .   (no gloves)
Will     .....                  (no boots)
Stlth    +.........             e - amulet of magic regeneration
HPRegen  0.10/turn              (no ring)
MPRegen  0.34/turn              (no ring)

@: no status effects
A: high mp 1, forlorn
a: no special abilities


You were on level 3 of the Dungeon.
You visited 1 branch of the dungeon, and saw 3 of its levels.

You collected 78 gold pieces.

Inventory:

Hand Weapons
 a - a +1 trident (weapon)
Missiles
 d - 3 throwing nets (quivered)
Armour
 b - a +0 leather armour (worn)
 c - a +0 helmet (worn)
 i - a +0 kite shield (worn)
Jewellery
 e - an amulet of magic regeneration (around neck)
Scrolls
 g - a scroll of immolation {unknown}


   Skills:
 + Level 2.4 Fighting
 + Level 3.2 Polearms
 - Level 1.7 Throwing
 + Level 1.2 Armour
 + Level 3.2 Dodging
 + Level 0.2 Shields


You had 2 spell levels left.
You didn't know any spells.
Your spell library contained the following spells:

 Spells                   Type           Power      Damage    Failure   Level
 Magic Dart               Conj           0%         1d3       94%         1
 Blink                    Tloc           N/A        N/A       98%         2
 Call Imp                 Summ           0%         N/A       98%         2
 Slow                     Hex            0%         N/A       98%         2
 Conjure Flame            Conj/Fire      0%         6-21      100%        3
 Mephitic Cloud           Conj/Pois/Air  0%         N/A       100%        3


Dungeon Overview and Level Annotations

Branches:
Dungeon (3/15)


Innate Abilities, Weirdness & Mutations

Your attributes grow dramatically as you level up.
You have an increased reservoir of magic. (+10% MP)
You shall have no god before yourself.


Message History

An orc comes into view. It is wielding a +0 dagger.
The orc shouts!
The orc moves out of view.
Unknown command.
Things that are here:
a +0 dagger; a goblin corpse You block the kobold's attack.
The frilled lizard hisses.
You closely miss the orc. You block the kobold's attack.
You block the orc's attack. The adder barely misses you.
The kobold completely misses you.
You closely miss the orc. The orc closely misses you.
The adder bites you but does no damage. The kobold barely misses you.
The orc hits you but does no damage. The adder bites you.
You hit the orc.
The orc is almost dead.
The kobold hits you with a +0 whip. The adder bites you.
The orc hits you with a +0 dagger.
* * * LOW HITPOINT WARNING * * *
The frilled lizard barely misses you. The kobold completely misses you.
You closely miss the orc.
The orc is almost dead.
The adder barely misses you. The orc closely misses you.
You block the adder's attack. The frilled lizard barely misses you.
You block the kobold's attack.
Unknown command.
You hit the orc but do no damage.
The orc is almost dead.
The adder closely misses you. The orc hits you with a +0 dagger.
* * * LOW HITPOINT WARNING * * *
You block the frilled lizard's attack. The kobold barely misses you.
The adder barely misses you. The orc hits you but does no damage.
Unknown command.
You hit the orc.
You kill the orc!
The frilled lizard bites you but does no damage.
The adder bites you.
* * * LOW HITPOINT WARNING * * *
The kobold hits you with a +0 whip.
You die...

....###.########..#...
#...# #...............
#...# #...........#..
#...# #.............
#...# #...........#
#...###...........#
#.................#
#...#.......†..KSl#
#............###@##
###.........# #)#
#........)###.#
#...........<.#
#.........##..#
##........###....
#.........# #....
#.........# #....
#.........# #


You could see an adder, a kobold and a frilled lizard.

Vanquished Creatures
  2 adders
  A dart slug (D:2)
  An orc (D:3)
  8 ball pythons
  3 endoplasms
  A giant cockroach (D:2)
  2 goblins
  2 hobgoblins
  6 jackals (D:1)
  4 kobolds
  A quokka (D:3)
  3 bats
  4 frilled lizards
  2 rats (D:1)
40 creatures vanquished.

Notes
Turn   | Place    | Note
-------+----------+-------------------------------------------
     0 | D:1      | DasRunzen the Demigod Gladiator began the quest for the
                  | Orb.
     0 | D:1      | Reached XP level 1. HP: 17/17 MP: 3/3
   227 | D:1      | Reached XP level 2. HP: 15/24 MP: 4/4
  1105 | D:2      | Reached skill level 1 in Armour
  1105 | D:2      | Reached XP level 3. HP: 19/29 MP: 5/5
  1944 | D:3      | Slain by a kobold

Illustrated notes

Levels and vault maps discovered:
D:1:      nzn_arrival_water_spiral, layout_basic, serial_rivers,
          chequers_serial_rivers_marsh, chequers_serial_rivers_micro_e,
          chequers_serial_rivers_large_b, chequers_serial_rivers_micro_d,
          chequers_serial_rivers_micro_c, chequers_serial_rivers_small_3
D:2:      layout_loops_cross
D:3:      layout_rooms

Skill      XL: |  1  2 |
---------------+-------+-----
Fighting       | 2 |  2.4
Polearms       | 3 |  3.2
Dodging        | 3 |  3.2
Armour         | 1 |  1.2
Throwing       | |  1.7
Shields        | |  0.2

Action                   || total
-------------------------++-------
Melee: Trident           ||   131
  Use: Scroll            ||     5
 Stab: Sleeping          ||     3
Armor: Leather armour    ||    33
Dodge: Dodged            ||    73
Block: Kite shield       ||    14

Table legend: (Time is in decaauts)
 A = Elapsed time spent in this place.
 B = Non-inter-level travel time spent in this place.
 C = Inter-level travel time spent in this place.
 D = Time resting spent in this place.
 E = Time spent auto-exploring this place.
 F = Levels seen in this place.
 G = Mean time per level.
                   A        B        C        D        E       F      G
               +--------+--------+--------+--------+--------+-----+--------+
         Total |   2007 |   1970 |     37 |     32 |   1633 |   3 |  669.0 |
       Dungeon |   2007 |   1970 |     37 |     32 |   1633 |   3 |  669.0 |
               +--------+--------+--------+--------+--------+-----+--------+

Top non-repeatable levels by time:
     D:1: 999 daAuts
     D:2: 916 daAuts
     D:3: 92 daAuts
